 Dungeon Crawl Stone Soup version 0.27.1-1-g398f81649c (webtiles) character file.

Game seed: 10028799372752808695

754 Descartes the Sneak (level 7, -1/36 HPs)
             Began as a Spriggan Wanderer on Sept 15, 2021.
             Slain by a sky beast (5 damage)
             ... in the Ecumenical Temple.
             The game lasted 00:13:04 (5983 turns).

Descartes the Sneak (Spriggan Wanderer)             Turns: 5983, Time: 00:13:05

Health: -1/36      AC:  2    Str: 10    XL:     7   Next: 49%
Magic:  8/8        EV: 19    Int: 13    God:
Gold:   206        SH:  0    Dex: 15    Spells: 6/6 levels left

rFire    . . .     SeeInvis +   a - +2 dagger (venom)
rCold    . . .     Faith    .   (shield restricted)
rNeg     . . .     Spirit   .   d - +0 robe
rPois    .         Reflect  .   (helmet restricted)
rElec    .         Harm     .   (no cloak)
rCorr    .         Rampage  .   (gloves unavailable)
Will     +....                  (boots unavailable)
Stlth    +++.......             c - amulet of magic regeneration
HPRegen  0.12/turn              (no ring)
MPRegen  0.36/turn              (no ring)

@: invisible, very quick
A: very small, no large weapons, unfitting armour, see invisible, speed 3
a: no special abilities


You were in the Ecumenical Temple.
You visited 2 branches of the dungeon, and saw 6 of its levels.

You collected 206 gold pieces.

Inventory:

Hand Weapons
 a - a +2 dagger of venom (weapon)
 b - a +0 hunting sling
 n - a +2 hand crossbow
 u - a +1 dagger of speed
 v - a +1 dagger of freezing
Missiles
 e - 19 bolts
 k - 99 stones (quivered)
 l - 11 boomerangs
 t - 28 sling bullets
Armour
 d - a +0 robe (worn)
Jewellery
 c - an amulet of magic regeneration (around neck)
Wands
 y - a wand of flame (15)
Scrolls
 f - a scroll of fear {unknown}
 g - 2 scrolls of magic mapping {unknown}
 i - 5 scrolls of enchant weapon {unknown}
 m - 2 scrolls of teleportation {unknown}
 o - 2 scrolls of noise {unknown}
 p - 3 scrolls of identify {unknown}
 w - a scroll of blinking {unknown}
 x - a scroll of immolation {unknown}
Potions
 h - a potion of attraction {unknown}
 j - a potion of brilliance {unknown}
 q - 2 potions of degeneration {unknown}
 r - a potion of cancellation {unknown}
 s - a potion of mutation {unknown}
 z - a potion of invisibility


   Skills:
 - Level 3.0 Fighting
 + Level 3.7 Short Blades
 + Level 3.0 Slings
 + Level 4.1 Crossbows
 + Level 5.9 Dodging
 + Level 5.9 Stealth
 - Level 2.0 Evocations


You had 6 spell levels left.
You didn't know any spells.
Your spell library contained the following spells:

 Spells                   Type           Power      Damage    Failure   Level
 Animate Skeleton         Necr           0%         N/A       30%         1
 Pain                     Necr           0%         1d4       30%         1
 Vampiric Draining        Necr           0%         2d6       67%         3


Dungeon Overview and Level Annotations

Branches:
Dungeon (5/15)             Temple (1/1) D:5

Altars:
Ashenzari
Cheibriados
Elyvilon
Gozag
Hepliaklqana
Kikubaaqudgha
Makhleb
Okawaru
Qazlal
Sif Muna
Trog
Uskayaw
Wu Jian
Xom
Yredelemnul
Zin

Annotations:
D:5 Ijyb


Innate Abilities, Weirdness & Mutations

You are very small and have problems with some larger weapons.
You are too small for most types of armour.
You have supernaturally acute eyesight. (SInv)
You cover ground extremely quickly. (Speed+++)


Message History

You hit the sky beast but do no damage.
The sky beast is poisoned.
The sky beast is lightly wounded.
The sky beast misses you.
You closely miss the sky beast.
The sky beast is lightly wounded.
The sky beast closely misses you.
You closely miss the sky beast.
The sky beast is lightly wounded.
The sky beast closely misses you.
You barely miss the sky beast.
The sky beast is lightly wounded.
The sky beast misses you.
You closely miss the sky beast.
The sky beast is lightly wounded.
You hit the sky beast but do no damage.
The sky beast looks even sicker.
The sky beast is lightly wounded.
The sky beast completely misses you.
You hit the sky beast.
The sky beast looks as sick as possible!
The sky beast is moderately wounded.
The sky beast misses you.
You miss the sky beast.
The sky beast is moderately wounded.
The sky beast hits you. The sky beast shocks you.
You miss the sky beast.
The sky beast is moderately wounded.
The sky beast closely misses you.
You hit the sky beast.
The sky beast looks as sick as possible!
The sky beast is severely wounded.
You closely miss the sky beast.
The sky beast is severely wounded.
The sky beast hits you. The sky beast shocks you.
* * * LOW HITPOINT WARNING * * *
It was a potion of invisibility.
You fade into invisibility!
The sky beast hits you.
* * * LOW HITPOINT WARNING * * *
The sky beast shocks you.
You die...

#.....###...###.....#
##......##'##......##
###.............###
##...........##
##.........##
#####.........#####
##...##.8...8.##...##
#.....#.......#.....#
#.._..'..Y@...'.._..#
#.....#.......#.....#
##...##.8...8.##...##
#####.........#####
##.........##
##...........##
###.............###
##......##'##......##
#.....###...###.....#


You could see a sky beast (extremely poisoned).

Vanquished Creatures
  Menkaure (D:5)
  Duvessa (D:4)
  Dowan (D:4)
  A wyvern skeleton (D:4)
  A centaur zombie (D:5)
  A hound (D:5)
  A gnoll shaman (D:4)
  A bullfrog skeleton (D:4)
  Jessica (D:2)
  An orc wizard (D:4)
  9 gnolls
  5 adders
  4 worms (D:2)
  3 dart slugs
  11 orcs
  7 ball pythons
  3 bats
  9 endoplasms
  4 giant cockroaches
  15 goblins
  7 hobgoblins
  2 quokkas
  4 frilled lizards
  6 kobolds
  2 rats (D:2)
101 creatures vanquished.

Notes
Turn   | Place    | Note
-------+----------+-------------------------------------------
     0 | D:1      | Descartes the Spriggan Wanderer began the quest for the
                  | Orb.
     0 | D:1      | Descartes set off with the following items: a +2 hand
                  | crossbow, 24 bolts, a +0 mace, a +0 robe
     0 | D:1      | Reached XP level 1. HP: 11/11 MP: 2/2
    43 | D:1      | Reached XP level 2. HP: 16/16 MP: 3/3
   565 | D:2      | Reached XP level 3. HP: 19/19 MP: 4/4
   655 | D:2      | Noticed Jessica
   660 | D:2      | Killed Jessica
   661 | D:2      | Reached skill level 1 in Short Blades
   746 | D:2      | Reached XP level 4. HP: 23/23 MP: 5/5
  1797 | D:3      | Reached XP level 5. HP: 28/28 MP: 6/6
  1951 | D:3      | Found a faded altar of an unknown god.
  2176 | D:3      | Found a broken altar of Ashenzari.
  2177 | D:3      | Found an iron altar of Okawaru.
  2730 | D:4      | Noticed Duvessa
  2794 | D:4      | Reached skill level 1 in Slings
  2794 | D:4      | Reached XP level 6. HP: 22/32 MP: 7/7
  3660 | D:4      | Noticed Dowan
  3760 | D:4      | Reached skill level 5 in Dodging
  3792 | D:4      | Killed Duvessa
  3793 | D:4      | Reached skill level 5 in Stealth
  3977 | D:4      | Killed Dowan
  4677 | D:4      | Reached XP level 7. HP: 32/36 MP: 8/8
  4865 | D:5      | Entered Level 5 of the Dungeon
  4938 | D:5      | Noticed Menkaure
  4968 | D:5      | Killed Menkaure
  5637 | D:5      | Found a staircase to the Ecumenical Temple.
  5712 | D:5      | Noticed Ijyb
  5714 | Temple   | Entered the Ecumenical Temple
  5983 | Temple   | Slain by a sky beast

Illustrated notes

Levels and vault maps discovered:
D:1:      mrwooster_arrival_statue_3, layout_basic
D:2:      layout_basic, grunt_ministairs_4, uniq_jessica
D:3:      layout_loops_ring, gammafunk_temple_overflow_statue,
          hellmonk_ecumenical_altar_zigzags
D:4:      layout_gridville, kennysheep_flooded_box, hangedman_decor_growths,
          uniq_duvessa
D:5:      layout_basic, minmay_temple_entry_tees, uniq_ijyb, uniq_menkaure
Temple:   minmay_temple_curvy_branch

Skill      XL: |  1  2  3  4  5  6  7 |
---------------+----------------------+-----
Stealth        | 2 3 4 5 |  5.9
Evocations     | 2 |  2.0
Short Blades   | 1 2 3 |  3.7
Dodging        | 4 5 |  5.9
Fighting       | 3 |  3.0
Crossbows      | 3 4 |  4.1
Slings         | 1 2 3 |  3.0

Action                   |  1- 3 |  4- 6 |  7- 9 || total
-------------------------+-------+-------+-------++-------
Melee: Dagger            |       |    67 |    68 ||   135
 Fire: Hand crossbow     |    74 |    90 |       ||   164
       Hunting sling     |       |   146 |    36 ||   182
  Use: Potion            |       |       |     1 ||     1
 Stab: Sleeping          |       |     3 |       ||     3
Armor: Robe              |     3 |     7 |     3 ||    13
Dodge: Dodged            |    23 |    93 |    49 ||   165
